 Dungeon Crawl Stone Soup version 0.30.1-9-gdf580d7c3d (webtiles) character file.

Game seed: 6301378946418243448

1738 Psyclone the Thaumaturge (level 8, -4/41 HPs)
             Began as a Deep Elf Conjurer on Sept 25, 2023.
             Was an Initiate of Ashenzari.
             Shot with an arrow by a centaur (6 damage)
             ... on level 6 of the Dungeon.
             The game lasted 00:17:13 (6771 turns).

Psyclone the Thaumaturge (Deep Elf Conjurer)        Turns: 6771, Time: 00:17:14

Health: -4/41      AC:  5    Str:  4    XL:     8   Next: 77%
Magic:  14/25      EV: 12    Int: 26    God:    Ashenzari [......]
Gold:   296        SH:  0    Dex: 13    Spells: 22/29 levels left

rFire   . . .        a - +1 dagger (venom)
rCold   . . .        (no shield)
rNeg    . . .        i - +2 robe {Will+}
rPois   .            l - +0 helmet
rElec   .            (no cloak)
rCorr   .            (no gloves)
SInv    +            (no boots)
Will    +....        (no amulet)
Stlth   ++           o - ring of Ashenzari's Regret {SInv, Elem, Self} (curse)
HPRegen 0.26/turn    (no ring)
MPRegen 0.19/turn

%: no passive effects
@: no status effects
A: no striking features
a: Renounce Religion, Curse Item, Shatter the Chains


You were on level 6 of the Dungeon.
You worshipped Ashenzari.
Ashenzari was noncommittal.
You visited 2 branches of the dungeon, and saw 7 of its levels.
You also visited: Sewer.

You collected 296 gold pieces.

Inventory:

Hand Weapons
 a - a +1 dagger of venom (weapon)
 v - a +0 dagger of protection
 z - a +0 halberd
Armour
 i - a +2 robe of willpower (worn)
 l - a +0 helmet (worn)
Jewellery
 o - the cursed ring of Ashenzari's Regret (left hand) {SInv, Elem, Self}
   (You found it on level 2 of the Dungeon)

   [ring of see invisible]

   SInv:      It lets you see invisible.
   It has a curse which improves the following skills: Elements: Fire Magic, Ice
   Magic, Air Magic and Earth Magic.
   Introspection: Fighting and Spellcasting.
Scrolls
 c - 8 scrolls of identify {unknown}
 d - a scroll of silence {unknown}
 f - a scroll of magic mapping {unknown}
 g - 3 scrolls of fog {unknown}
 h - 6 scrolls of blinking {unknown}
 j - 3 scrolls of fear {unknown}
 n - 3 scrolls of poison {unknown}
 q - 2 scrolls of vulnerability {unknown}
 x - a scroll of torment {unknown}
 y - a scroll of amnesia {unknown}
 C - a scroll of enchant armour {unknown}
 D - a scroll of enchant weapon {unknown}
 F - a scroll of brand weapon {unknown}
 G - a scroll of teleportation {unknown}
Potions
 b - a potion of magic
 e - 2 potions of flight {unknown}
 k - 2 potions of degeneration {unknown}
 m - 2 potions of berserk rage {unknown}
 p - 2 potions of might {unknown}
 r - a potion of curing
 s - a potion of haste {unknown}
 t - 6 potions of heal wounds {unknown}
 u - 3 potions of lignification {unknown}
 w - a potion of brilliance {unknown}
 A - 2 potions of mutation {unknown}
 B - a potion of resistance {unknown}
 E - a potion of ambrosia {unknown}


   Skills:
 - Level 2.4 Dodging
 - Level 2.4 Stealth
 + Level 10.8(11.2) Spellcasting
 + Level 9.8 Conjurations


You had 22 spell levels left.
You knew the following spells:

 Your Spells              Type           Power      Damage    Failure   Level
a - Magic Dart            Conj           100%       1d8       1%          1
b - Searing Ray           Conj           100%       2d8       1%          2
d - Fulminant Prism       Conj/Hex       20%        3d12      5%          4

Your spell library contained the following spells:

 Spells                   Type           Power      Damage    Failure   Level
 Dazzling Flash           Conj/Hex       80%        N/A       1%          3
 Hailstorm                Conj/Ice       40%        3d10      1%          3
 Freeze                   Ice            56%        1d7       4%          1
 Iskenderun's Mystic Bla  Conj/Tloc      40%        2d9       5%          4
 Sticky Flame             Conj/Fire      40%        2d6       5%          4
 Frozen Ramparts          Ice            28%        1d5       12%         3
 Ignite Poison            Fire/Tmut/Pois 14%        N/A       12%         3
 Ice Form                 Ice/Tmut       14%        N/A       38%         4
 Summon Ice Beast         Ice/Summ       14%        N/A       38%         4
 Ignition                 Fire           7%         3d4       100%        8


Dungeon Overview and Level Annotations

Branches:
Dungeon (6/15) Zot: 26153  Temple (1/1) D:4 Zot: 5924   Sewer (visited)

Altars:
Ashenzari
Dithmenos
Hepliaklqana
Makhleb
Okawaru
Qazlal
Trog
Uskayaw
Vehumet
Wu Jian
Xom
Zin

Shops:
D:2 (


Message History

The steam dragon is almost dead.
The centaur shouts!
The centaur wields a +0 shortbow.
The centaur shoots an arrow.
The arrow misses you.
You now have 16/24 mp.
Casting: Magic Dart (safe; 1% risk of failure)
Confirm with . or Enter, or press ? or * to list all spells.
Aiming: Magic Dart (safe; 1% risk of failure)
Press: ? - help, Shift-Dir - straight line, f/p - steam dragon
Aim: a steam dragon (almost dead, 100% to hit)
The magic dart hits the steam dragon.
The steam dragon is almost dead.
An orc comes into view. It is wielding a +0 flail.
Casting: Magic Dart (safe; 1% risk of failure)
Confirm with . or Enter, or press ? or * to list all spells.
Aiming: Searing Ray (safe; 1% risk of failure)
Press: ? - help, Shift-Dir - straight line, f/p - steam dragon
Aim: a steam dragon (almost dead, 83% to hit)
The searing ray hits the steam dragon!
You kill the steam dragon! (Press . to maintain the ray.)
The orc shouts!
The centaur shoots an arrow.
The arrow hits you!
* * * LOW HITPOINT WARNING * * *
The centaur shoots an arrow.
The arrow hits you.
* * * LOW HITPOINT WARNING * * *
A bullfrog comes into view.
You take 11 damage, and have 8/41 hp.
MASSIVE DAMAGE!!
You now have 14/25 mp.
Casting: Searing Ray (safe; 1% risk of failure)
Confirm with . or Enter, or press ? or * to list all spells.
You can't see any susceptible monsters within range! (Use Z to cast anyway.)
The centaur shoots an arrow.
The arrow hits you!
* * * LOW HITPOINT WARNING * * *
The bullfrog gives a loud, deep croak!
You hear a shout!
You take 6 damage, and have 2/41 hp.
The centaur shoots an arrow.
The arrow closely misses you.
You hear a shout!
There is an open door here.
The centaur shoots an arrow.
The arrow hits you.
You die...

..#.(##'##..#(.#..#
.##....#....##.#..#
..##.......##..#..#
...'.......)...#..#
..##.......##..#..#
.##.........##.#..#
##.......o...###..#
.........c.....'..#
#####...F.######@.#
+#...#+ #..# ##.##
#..# #. #..# # #..#
######+########.##
.D....!..D......#
.....############
###


You could see a centaur and an orc.

Vanquished Creatures
  Prince Ribbit (D:5)
  A steam dragon (D:6)
  2 water moccasins (D:6)
  2 ice beasts (D:5)
  An ogre (D:6)
  A phantom (D:5)
  A kobold brigand (D:6)
  2 bullfrogs (Sewer)
  An orc priest (D:3)
  A gnoll bouda (D:6)
  2 iguanas
  Jessica (D:2)
  5 orc wizards
  5 gnolls (D:6)
  14 adders
  9 river rats (Sewer)
  An ufetubus (D:5)
  4 worms
  2 dart slugs
  9 orcs
  4 bats
  10 endoplasms
  2 giant cockroaches
  6 goblins
  7 hobgoblins
  5 jackals (D:1)
  2 quokkas
  21 ball pythons
  7 frilled lizards
  12 kobolds
  32 rats
173 creatures vanquished.

Vanquished Creatures (others)
  2 fulminant prisms (D:6)
2 creatures vanquished.

Grand Total: 175 creatures vanquished

Notes
Turn   | Place    | Note
-------+----------+-------------------------------------------
     0 | D:1      | Psyclone the Deep Elf Conjurer began the quest for the Orb.
     0 | D:1      | Reached XP level 1. HP: 10/10 MP: 6/6
   153 | D:1      | Reached XP level 2. HP: 12/15 MP: 0/8
   254 | D:1      | Learned a level 2 spell: Searing Ray
   873 | D:1      | Reached skill level 4 in Spellcasting
  1017 | D:1      | Reached skill level 5 in Conjurations
  1017 | D:1      | Reached XP level 3. HP: 17/19 MP: 6/10
  1455 | D:2      | Found Nerajor's Weapon Shoppe.
  1538 | D:2      | Noticed Jessica
  1543 | D:2      | Killed Jessica
  1544 | D:2      | Reached XP level 4. HP: 24/24 MP: 5/12
  1852 | D:2      | Found a faded altar of an unknown god.
  2218 | D:3      | Reached skill level 5 in Spellcasting
  2856 | D:3      | Reached XP level 5. HP: 27/28 MP: 10/14
  3017 | D:3      | Found a hazy altar of Hepliaklqana.
  3017 | D:3      | Found a shadowy altar of Dithmenos.
  3019 | D:3      | Noticed a shadow
  3080 | D:3      | Reached skill level 6 in Spellcasting
  3810 | D:4      | Found a glowing drain.
  3962 | D:4      | Found a staircase to the Ecumenical Temple.
  3969 | Temple   | Entered the Ecumenical Temple
  4016 | Temple   | Became a worshipper of Ashenzari the Shackled
  4058 | Sewer    | Entered a sewer
  4073 | Sewer    | Reached XP level 6. HP: 32/32 MP: 15/17
  4327 | Sewer    | Learned a level 4 spell: Fulminant Prism
  4649 | Sewer    | Reached skill level 7 in Spellcasting
  4717 | Sewer    | HP: 1/32 [bullfrog (3)]
  4721 | Sewer    | Reached XP level 7. HP: 3/36 MP: 10/20
  5019 | D:5      | Entered Level 5 of the Dungeon
  5086 | D:5      | Found a stormy altar of Qazlal.
  5191 | D:5      | Reached skill level 8 in Spellcasting
  5365 | D:5      | Found an iron altar of Okawaru.
  5503 | D:5      | Noticed Prince Ribbit
  5508 | D:5      | Killed Prince Ribbit
  5509 | D:5      | Reached skill level 9 in Spellcasting
  5509 | D:5      | Reached XP level 8. HP: 14/41 MP: 14/23
  6644 | D:6      | Reached skill level 10 in Spellcasting
  6769 | D:6      | HP: 2/41 [centaur/arrow (7)]
  6771 | D:6      | Shot with an arrow by a centaur

Illustrated notes

Levels and vault maps discovered:
D:1:      eino_arrival_tree_alley, layout_loops_cross
D:2:      layout_basic, serial_shops, nicolae_shop_peninsula,
          shapermc_ecumenical_altar_mp_urbaneastern, uniq_jessica
D:3:      minmay_razor_zed, layout_basic, riverfiend_overflow_shadow_ancestor,
          serial_forest, infiniplex_forest_straight_5,
          infiniplex_forest_straight_2, infiniplex_forest_zigzag_1,
          infiniplex_forest_straight_3, infiniplex_forest_straight_5,
          infiniplex_forest_lined_room_2, infiniplex_forest_clump_C,
          minmay_misc_feat_tower
D:4:      layout_rooms, minmay_temple_entry_statues_pillars,
          portal_sewer_entry_b, serial_bayou_lake_a
D:5:      layout_gridville, okawaru_trees_1, mainiacjoe_overflow_tiny_flanked,
          uniq_prince_ribbit1
D:6:      layout_rooms, chequers_temple_overflow_minitemple, minmay_pentangle
Temple:   nicolae_temple_ecumenical_triangle

Skill      XL: |  1  2  3  4  5  6  7  8 |
---------------+-------------------------+-----
Spellcasting   | 4 5 6 7 9 10 | 10.8
Conjurations   | 5 6 7 8 9 |  9.8
Dodging        | |  2.4
Stealth        | |  2.4

Action                     |  1- 3 |  4- 6 |  7- 9 || total
---------------------------+-------+-------+-------++-------
  Melee: Dagger            |       |    14 |       ||    14
   Cast: Magic Dart        |    73 |   142 |    48 ||   263
         Searing Ray       |     1 |    19 |    21 ||    41
         Fulminant Prism   |       |       |     2 ||     2
 Invoke: Curse Item        |       |       |     1 ||     1
    Use: Potion            |       |     1 |     1 ||     2
 Armour: Robe              |     7 |    15 |     6 ||    28
  Dodge: Dodged            |    21 |    29 |    26 ||    76
